BSA
SPRINGFIELD STARS @ HENDERSONVILLE HITMEN
08/18/2024
 
TOP OF THE 1ST
Springfield Stars batting - Pitching for Hendersonville Hitmen : RHP Rodrigo Aguilar
Pitching: RHP Rodrigo Aguilar
Batting: LHB Felipe Guerrero 0-0: SINGLE (Flyball, 7S)
Batting: RHB Juan Rodríguez 0-0: Called Strike
0-1: Ball
1-1: Called Strike
1-2: Foul Ball, location: 2F
1-2: Fly out, F9 (Flyball, 89M)
Batting: LHB Derek Davidson 0-0: Called Strike
Felipe Guerrero is caught stealing 2nd base
0-1: DOUBLE (Line Drive, 89D)
Batting: LHB César Valentín 0-0: Ball
1-0: Swinging Strike
1-1: Foul Ball, location: 2F
1-2: Ground out 5-3 (Groundball, 5S)
Top of the 1st over - 0 run(s), 2 hit(s), 0 error(s), 1 left on base; Springfield 0 - Hendersonville 0
BOTTOM OF THE 1ST
Hendersonville Hitmen batting - Pitching for Springfield Stars : RHP Hyo-chin Ch'oe
Pitching: RHP Hyo-chin Ch'oe
Batting: RHB Carlos García 0-0: Ball
1-0: Called Strike
1-1: Fly out, F9 (Flyball, 89D)
Batting: LHB Pedro Padilla 0-0: Foul Ball, location: 2F
0-1: Ball
1-1: SINGLE (Flyball, 89S)
Batting: RHB Manolo Román 0-0: Called Strike
0-1: Ball
1-1: Foul Ball, location: 2F
1-2: DOUBLE (Line Drive, 7LS)
Pedro Padilla to third
Batting: LHB Lorenzo Villa 0-0: Called Strike
0-1: Foul Ball, location: 2F
0-2: Ball
1-2: SINGLE (Groundball, 6M)
Pedro Padilla scores
Manolo Román to third
Batting: SHB Tony López 0-0: Called Strike
0-1: Called Strike
0-2: Fielders Choice at 2nd, 3-6 (Groundball, 3)
Manolo Román scores
Batting: LHB Jerry Johnston 0-0: Called Strike
0-1: Swinging Strike
0-2: Ball
1-2: Ground out 4-3 (Groundball, 4)
Bottom of the 1st over - 2 run(s), 3 hit(s), 0 error(s), 1 left on base; Springfield 0 - Hendersonville 2
TOP OF THE 2ND
Springfield Stars batting - Pitching for Hendersonville Hitmen : RHP Rodrigo Aguilar
Batting: RHB Calvin Bennett 0-0: Called Strike
0-1: Swinging Strike
0-2: Ball
1-2: Ground out 6-3 (Groundball, 56)
Batting: RHB Miguel Salinas 0-0: Called Strike
0-1: Ball
1-1: Fly out, F8 (Flyball, 8LM)
Batting: SHB David García 0-0: Ball
1-0: Swinging Strike
1-1: Called Strike
1-2: Foul Ball, location: 2F
1-2: Strikes out looking
Top of the 2nd over - 0 run(s), 0 hit(s), 0 error(s), 0 left on base; Springfield 0 - Hendersonville 2
BOTTOM OF THE 2ND
Hendersonville Hitmen batting - Pitching for Springfield Stars : RHP Hyo-chin Ch'oe
Batting: SHB David Johnstone 0-0: Ball
1-0: Called Strike
1-1: Swinging Strike
1-2: Ball
2-2: Strikes out swinging
Batting: RHB Junior Vargas 0-0: Called Strike
0-1: Called Strike
0-2: Ball
1-2: Strikes out swinging
Batting: RHB Taylor McFarland 0-0: Reached on error, E4 (Groundball, 4)
Batting: RHB Carlos García 0-0: Called Strike
0-1: Swinging Strike
0-2: Fly out, F9 (Flyball, 9M)
Bottom of the 2nd over - 0 run(s), 0 hit(s), 1 error(s), 1 left on base; Springfield 0 - Hendersonville 2
TOP OF THE 3RD
Springfield Stars batting - Pitching for Hendersonville Hitmen : RHP Rodrigo Aguilar
Batting: RHB Miguel Monteagudo 0-0: Called Strike
0-1: Ball
1-1: Ball
2-1: Ball
3-1: Called Strike
3-2: Foul Ball, location: 2F
3-2: Foul Ball, location: 2F
3-2: Foul Ball, location: 2F
3-2: Fly out, F8 (Popup, 8RS)
Batting: LHB Jesús Tobías 0-0: Ball
1-0: Foul Ball, location: 2F
1-1: Fly out, F9 (Line Drive, 9M)
Batting: LHB Felipe Guerrero 0-0: Ball
1-0: Ball
2-0: Called Strike
2-1: Foul Ball, location: 2F
2-2: SINGLE (Groundball, 34D)
Batting: RHB Juan Rodríguez 0-0: SINGLE (Flyball, 6MD)
Felipe Guerrero to second
Runner from 2nd tries for 3rd, SAFE, throw made to third
Batting: LHB Derek Davidson 0-0: Ball
1-0: TRIPLE (Groundball, 3L)
Felipe Guerrero scores
Juan Rodríguez scores
Batting: LHB César Valentín 0-0: Ball
1-0: Ball
2-0: Ball
3-0: Base on Balls
Batting: RHB Calvin Bennett 0-0: Ball
1-0: Ball
2-0: Ball
3-0: Called Strike
3-1: Foul Ball, location: 2F
3-2: Fly out, F9 (Flyball, 9M)
Top of the 3rd over - 2 run(s), 3 hit(s), 0 error(s), 2 left on base; Springfield 2 - Hendersonville 2
BOTTOM OF THE 3RD
Hendersonville Hitmen batting - Pitching for Springfield Stars : RHP Hyo-chin Ch'oe
Batting: LHB Pedro Padilla 0-0: Ball
1-0: Foul Ball, location: 2F
1-1: Ball
2-1: Ball
3-1: Base on Balls
Batting: RHB Manolo Román 0-0: Called Strike
0-1: Foul Ball, location: 2F
0-2: Foul Ball, location: 2F
0-2: Ball
1-2: Ball
2-2: 2-RUN HOME RUN (Flyball, 7D), Distance : 415 ft
Batting: LHB Lorenzo Villa 0-0: Ball
1-0: Ball
2-0: Foul Ball, location: 2F
2-1: Called Strike
2-2: Foul Ball, location: 2F
2-2: Strikes out looking
Batting: SHB Tony López 0-0: Called Strike
0-1: Called Strike
0-2: Ball
1-2: Ball
2-2: SOLO HOME RUN (Flyball, 9D), Distance : 416 ft
Batting: LHB Jerry Johnston 0-0: Called Strike
0-1: Called Strike
0-2: Foul Ball, location: 2F
0-2: Ball
1-2: Strikes out looking
Batting: SHB David Johnstone 0-0: Ball
1-0: Called Strike
1-1: SINGLE (Groundball, 56D)
Batting: RHB Junior Vargas 0-0: Ground out 5-3 (Groundball, 56)
Bottom of the 3rd over - 3 run(s), 3 hit(s), 0 error(s), 1 left on base; Springfield 2 - Hendersonville 5
TOP OF THE 4TH
Springfield Stars batting - Pitching for Hendersonville Hitmen : RHP Rodrigo Aguilar
Batting: RHB Miguel Salinas 0-0: Ball
1-0: Ball
2-0: Called Strike
2-1: Called Strike
2-2: Fly out, F9 (Flyball, 9M)
Batting: SHB David García 0-0: Ball
1-0: SINGLE (Line Drive, 6MD)
Batting: RHB Miguel Monteagudo 0-0: Foul Ball, location: 2F
0-1: Ball
1-1: Called Strike
1-2: Fielders Choice at 2nd, 6-4 (Groundball, 6)
Batting: LHB Jesús Tobías 0-0: Ball
1-0: Ball
2-0: Ball
3-0: Called Strike
3-1: Foul Ball, location: 2F
3-2: Foul Ball, location: 2F
3-2: SINGLE (Groundball, 4)
Miguel Monteagudo to second
Miguel Monteagudo to third
Batting: LHB Felipe Guerrero 0-0: Ball
1-0: Foul Ball, location: 2F
1-1: Ball
2-1: Foul Ball, location: 2F
2-2: Foul Ball, location: 2F
2-2: Ball
3-2: Foul Ball, location: 2F
3-2: Foul Ball, location: 2F
3-2: Foul Ball, location: 2F
3-2: Foul Ball, location: 2F
3-2: Base on Balls
Jesús Tobías to second
Batting: RHB Juan Rodríguez 0-0: Called Strike
0-1: Swinging Strike
0-2: Ball
1-2: Ground out 2-3 (Groundball, 2R)
Top of the 4th over - 0 run(s), 2 hit(s), 0 error(s), 3 left on base; Springfield 2 - Hendersonville 5
BOTTOM OF THE 4TH
Hendersonville Hitmen batting - Pitching for Springfield Stars : RHP Hyo-chin Ch'oe
Batting: RHB Taylor McFarland 0-0: Ball
1-0: Foul Ball, location: 2F
1-1: Ball
2-1: Ball
3-1: Base on Balls
Batting: RHB Carlos García 0-0: Called Strike
0-1: Ball
1-1: 2-RUN HOME RUN (Flyball, 7LD), Distance : 360 ft
Pitching: RHP José Orozco
Batting: LHB Pedro Padilla 0-0: Ball
1-0: Foul Ball, location: 2F
1-1: Called Strike
1-2: SINGLE (Line Drive, 4MD)
Batting: RHB Manolo Román 0-0: SINGLE (Line Drive, 89S)
Pedro Padilla to second
Runner from 2nd tries for 3rd, SAFE, throw made to third
Batting: LHB Lorenzo Villa 0-0: Called Strike
0-1: Ground out 2-3 (Groundball, 25)
Manolo Román to second
Batting: SHB Tony López 0-0: Called Strike
0-1: Ball
1-1: Ball
2-1: Swinging Strike
2-2: Fly out, F8 (Line Drive, 8LD)
Runner from 3rd tags up, SCORES, no throw
Manolo Román to third
Batting: LHB Jerry Johnston 0-0: Foul Ball, location: 2F
0-1: Fly out, F6 (Popup, 6MD)
Bottom of the 4th over - 3 run(s), 3 hit(s), 0 error(s), 1 left on base; Springfield 2 - Hendersonville 8
TOP OF THE 5TH
Springfield Stars batting - Pitching for Hendersonville Hitmen : RHP Rodrigo Aguilar
Pitching: LHP Alfonso Ramos
Batting: LHB Derek Davidson 0-0: Ball
1-0: Called Strike
1-1: Called Strike
1-2: Ball
2-2: Ball
3-2: Strikes out swinging
Batting: LHB César Valentín 0-0: Ball
1-0: Foul Ball, location: 2F
1-1: Ball
2-1: Ball
3-1: Called Strike
3-2: Strikes out swinging
Batting: RHB Calvin Bennett 0-0: Foul Ball, location: 2F
0-1: Called Strike
0-2: DOUBLE (Groundball, 5L)
Batting: RHB Miguel Salinas 0-0: Ground out 5-3 (Groundball, 6S)
Top of the 5th over - 0 run(s), 1 hit(s), 0 error(s), 1 left on base; Springfield 2 - Hendersonville 8
BOTTOM OF THE 5TH
Hendersonville Hitmen batting - Pitching for Springfield Stars : RHP José Orozco
Batting: SHB David Johnstone 0-0: Ball
1-0: Fly out, F7 (Flyball, 7M)
Batting: RHB Junior Vargas 0-0: Ball
1-0: Swinging Strike
1-1: Ball
2-1: Ball
3-1: Swinging Strike
3-2: Foul Ball, location: 2F
3-2: Strikes out swinging
Batting: RHB Taylor McFarland 0-0: Ball
1-0: Called Strike
1-1: SINGLE (Groundball, 4M)
Batting: RHB Carlos García 0-0: Ground out 6-3 (Groundball, 6)
Bottom of the 5th over - 0 run(s), 1 hit(s), 0 error(s), 1 left on base; Springfield 2 - Hendersonville 8
TOP OF THE 6TH
Springfield Stars batting - Pitching for Hendersonville Hitmen : LHP Alfonso Ramos
Batting: SHB David García 0-0: Foul Ball, location: 2F
0-1: Ball
1-1: Ball
2-1: Called Strike
2-2: Strikes out swinging
Batting: RHB Miguel Monteagudo 0-0: Called Strike
0-1: Ball
1-1: Called Strike
1-2: Ball
2-2: Strikes out swinging
Batting: LHB Jesús Tobías 0-0: Ball
1-0: Ball
2-0: Ball
3-0: Called Strike
3-1: SINGLE (Flyball, 89S)
Batting: LHB Felipe Guerrero 0-0: Ball
Jesús Tobías steals 2nd base
1-0: Foul Ball, location: 2F
1-1: Foul Ball, location: 2F
1-2: Ball
2-2: Foul Ball, location: 2F
2-2: Fly out, F6 (Line Drive, 6)
Top of the 6th over - 0 run(s), 1 hit(s), 0 error(s), 1 left on base; Springfield 2 - Hendersonville 8
BOTTOM OF THE 6TH
Hendersonville Hitmen batting - Pitching for Springfield Stars : RHP José Orozco
Batting: LHB Pedro Padilla 0-0: Ball
1-0: Ball
2-0: Ball
3-0: Called Strike
3-1: Base on Balls
Batting: RHB Manolo Román 0-0: Called Strike
0-1: Foul Ball, location: 2F
0-2: Foul Ball, location: 2F
0-2: Foul Ball, location: 2F
0-2: Ball
1-2: Foul Ball, location: 2F
1-2: Ball
2-2: Foul Ball, location: 2F
2-2: SINGLE (Groundball, 6MD)
Pedro Padilla to second
Batting: LHB Lorenzo Villa 0-0: Ball
1-0: Called Strike
1-1: Swinging Strike
1-2: Ball
2-2: Foul Ball, location: 2F
2-2: Ball
3-2: Foul Ball, location: 2F
3-2: Foul Ball, location: 2F
3-2: SINGLE (Line Drive, 7S)
Pedro Padilla to third
Manolo Román to second
Batting: SHB Tony López 0-0: Ball
1-0: SINGLE (Line Drive, 56D)
Pedro Padilla scores
Manolo Román to third
Lorenzo Villa to second
Pitching: RHP Víctor López
Batting: LHB Jerry Johnston 0-0: Foul Ball, location: 2F
0-1: Ball
1-1: Swinging Strike
1-2: Strikes out swinging
Batting: SHB David Johnstone 0-0: Foul Ball, location: 2F
0-1: Fly out, F5 (Popup, 5F)
Batting: RHB Junior Vargas 0-0: Foul Ball, location: 2F
0-1: Ball
1-1: Foul Ball, location: 2F
1-2: SINGLE (Line Drive, 34D)
Manolo Román scores
Lorenzo Villa to third
Tony López to second
Runner from 3rd tries for Home, SAFE, no throw or cutoff
Batting: RHB Taylor McFarland 0-0: Ball
1-0: SINGLE (Popup, 9LS)
Tony López to third
Junior Vargas to second
Runner from 3rd tries for Home, SAFE, no throw or cutoff
Batting: RHB Carlos García 0-0: Ball
1-0: Ball
2-0: Ball
3-0: Called Strike
3-1: Base on Balls
Junior Vargas to third
Taylor McFarland to second
Batting: LHB Pedro Padilla 0-0: Ball
1-0: Called Strike
1-1: Ball
2-1: Called Strike
2-2: DOUBLE (Line Drive, 5D)
Junior Vargas scores
Taylor McFarland scores
Carlos García to third
Pitching: LHP Jeremy Meyer
Batting: RHB Manolo Román 0-0: Ball
1-0: Ball
2-0: Foul Ball, location: 2F
2-1: Called Strike
2-2: Ball
3-2: Foul Ball, location: 2F
3-2: Foul Ball, location: 2F
3-2: Base on Balls
Batting: LHB Lorenzo Villa 0-0: Called Strike
0-1: Ball
1-1: Called Strike
1-2: Ball
2-2: Ball
3-2: Base on Balls
Carlos García scores
Pedro Padilla to third
Manolo Román to second
Batting: SHB Tony López 0-0: Called Strike
0-1: Foul Ball, location: 2F
0-2: Foul Ball, location: 2F
0-2: Fly out, F8 (Flyball, 8RXD)
Bottom of the 6th over - 7 run(s), 6 hit(s), 0 error(s), 3 left on base; Springfield 2 - Hendersonville 15
TOP OF THE 7TH
Springfield Stars batting - Pitching for Hendersonville Hitmen : LHP Alfonso Ramos
Pitching: RHP Jorge Pérez
Batting: RHB Juan Rodríguez 0-0: Ball
1-0: Called Strike
1-1: Foul Ball, location: 2F
1-2: Strikes out swinging
Batting: LHB Derek Davidson 0-0: Swinging Strike
0-1: Swinging Strike
0-2: Strikes out looking
Batting: LHB César Valentín 0-0: Ball
1-0: DOUBLE (Flyball, 89XD)
Batting: RHB Calvin Bennett 0-0: Ball
1-0: Ground out 5-3 (Groundball, 5L)
Top of the 7th over - 0 run(s), 1 hit(s), 0 error(s), 1 left on base; Springfield 2 - Hendersonville 15
BOTTOM OF THE 7TH
Hendersonville Hitmen batting - Pitching for Springfield Stars : LHP Jeremy Meyer
Batting: LHB Jerry Johnston 0-0: Ball
1-0: Swinging Strike
1-1: Ball
2-1: Foul Ball, location: 2F
2-2: Ball
3-2: Strikes out swinging
Batting: SHB David Johnstone 0-0: Foul Ball, location: 2F
0-1: SOLO HOME RUN (Flyball, 7D), Distance : 391 ft
Batting: RHB Junior Vargas 0-0: Ball
1-0: Called Strike
1-1: Foul Ball, location: 2F
1-2: SINGLE (Flyball, 89S)
Batting: RHB Taylor McFarland 0-0: Ball
1-0: Ball
2-0: Called Strike
2-1: Ball
3-1: Foul Ball, location: 2F
3-2: Foul Ball, location: 2F
3-2: Foul Ball, location: 2F
3-2: Fielders Choice at 2nd, 4-6 (Groundball, 4)
Batting: RHB Carlos García 0-0: Ball
1-0: Fielders Choice at 2nd, U6 (Groundball, 6M)
Bottom of the 7th over - 1 run(s), 2 hit(s), 0 error(s), 1 left on base; Springfield 2 - Hendersonville 16
TOP OF THE 8TH
Springfield Stars batting - Pitching for Hendersonville Hitmen : RHP Jorge Pérez
Batting: RHB Miguel Salinas 0-0: Foul Ball, location: 2F
0-1: Ball
1-1: Foul Ball, location: 2F
1-2: Ball
2-2: Foul Ball, location: 2F
2-2: Ball
3-2: Base on Balls
Batting: SHB David García 0-0: Foul Ball, location: 2F
0-1: Ball
1-1: Called Strike
1-2: Strikes out looking
Batting: RHB Miguel Monteagudo 0-0: Grounds into double play, 4-6-3 (Groundball, 4)
Top of the 8th over - 0 run(s), 0 hit(s), 0 error(s), 0 left on base; Springfield 2 - Hendersonville 16
BOTTOM OF THE 8TH
Hendersonville Hitmen batting - Pitching for Springfield Stars : LHP Jeremy Meyer
Batting: LHB Pedro Padilla 0-0: SOLO HOME RUN (Flyball, 7LD), Distance : 378 ft
Batting: RHB Manolo Román 0-0: Ball
1-0: Called Strike
1-1: Ball
2-1: Ball
3-1: Base on Balls
Batting: LHB Lorenzo Villa 0-0: Ball
1-0: Ball
2-0: Called Strike
2-1: SINGLE (Groundball, 34)
Manolo Román to second
Runner from 2nd tries for 3rd, SAFE, no throw or cutoff
Batting: SHB Tony López 0-0: Ball
Reached via error on a dropped throw, E6
Manolo Román scores
Lorenzo Villa to second
Pitching: RHP Dae-hee Ch'oe
Batting: LHB Jerry Johnston 0-0: Called Strike
0-1: Foul Ball, location: 2F
0-2: Foul Ball, location: 2F
0-2: Ball
1-2: Ball
2-2: Strikes out swinging
Batting: SHB David Johnstone 0-0: Called Strike
0-1: Fielders Choice at 2nd, 6-4 (Groundball, 6)
Lorenzo Villa to third
Batting: RHB Junior Vargas 0-0: Called Strike
David Johnstone is caught stealing 2nd base
Bottom of the 8th over - 2 run(s), 2 hit(s), 1 error(s), 0 left on base; Springfield 2 - Hendersonville 18
TOP OF THE 9TH
Springfield Stars batting - Pitching for Hendersonville Hitmen : RHP Jorge Pérez
Now in LF: Enrique Nalasco
Batting: LHB Jesús Tobías 0-0: Ball
1-0: Called Strike
1-1: Foul Ball, location: 2F
1-2: Ball
2-2: Ball
3-2: Ground out 3-1 (Groundball, 34S)
Batting: LHB Felipe Guerrero 0-0: Ground out 4-3 (Groundball, 34)
Batting: RHB Juan Rodríguez 0-0: Called Strike
0-1: Ball
1-1: Ground out 6-3 (Groundball, 6)
Top of the 9th over - 0 run(s), 0 hit(s), 0 error(s), 0 left on base; Springfield 2 - Hendersonville 18
This league is powered by Out of the Park Baseball, the baseball management simulation game for PC, Mac and Linux
Saturday, April 9th, 2016 - OOTP Baseball 16.8 Build 38